 Dungeon Crawl Stone Soup version 0.22-a0-617-g6d95e9e505 (webtiles) character file.

1469 RedPan the Magician (level 8, -4/54 HPs)
             Began as an Octopode Wizard on July 12, 2018.
             Was an Initiate of Vehumet.
             Killed from afar by an electric eel (11 damage)
             ... with a bolt of electricity
             ... on level 6 of the Dungeon.
             The game lasted 00:28:49 (9369 turns).

RedPan the Magician (Octopode Wizard)               Turns: 9369, Time: 00:28:49

Health: -4/54      AC:  2    Str:  6    XL:     8   Next: 77%
Magic:  15/16      EV: 14    Int: 21    God:    Vehumet [......]
Gold:   106        SH:  0    Dex: 12    Spells: 6/17 levels left

rFire    . . .     SeeInvis +   j - +2 dagger (venom)
rCold    . . .     Gourm    .   (no shield)
rNeg     . . .     Faith    .   a - +1 hat
rPois    .         Spirit   .   (no amulet)
rElec    .         Reflect  .   p - ring of see invisible
rCorr    .         Harm     .   (no ring)
MR       .....                  (no ring)
Stlth    ++++......             (no ring)
HPRegen  0.18/turn              (no ring)
MPRegen  0.15/turn              (no ring)
                                (no ring)
                                (no ring)

@: no status effects
A: almost no armour, stealthy swim, amphibious, 8 rings, constrict 8, camouflage
1, gelatinous body 1
a: Renounce Religion


You were on level 6 of the Dungeon.
You worshipped Vehumet.
Vehumet was noncommittal.
You were not hungry.

You visited 2 branches of the dungeon, and saw 7 of its levels.
You also visited: Sewer.

You collected 286 gold pieces.
You spent 180 gold pieces at shops.

Inventory:

Hand Weapons
 j - a +2 dagger of venom (weapon)
 k - a +2 short sword of flaming
 s - a +1 spear of venom
 t - a +1 dagger of flaming
Armour
 a - a +1 hat (worn)
Magical Staves
 g - an uncursed staff of earth
Jewellery
 p - a ring of see invisible (left tentacle)
 u - an uncursed ring of fire
Scrolls
 l - a scroll of enchant armour
 n - 7 scrolls of remove curse
 r - a scroll of magic mapping
 w - a scroll of identify
Potions
 b - 2 potions of degeneration {unknown}
 d - a potion of haste
 e - 5 potions of brilliance
 f - 7 potions of heal wounds
 h - 6 potions of curing
 i - a potion of might
 m - a potion of flight
 o - 2 potions of agility
 q - 2 potions of lignification {unknown}
 v - a potion of berserk rage {unknown}
Comestibles
 c - 7 rations
 x - a chunk of flesh


   Skills:
 + Level 3.7 Fighting
 + Level 4.0 Dodging
 - Level 5.1 Stealth
 + Level 5.4 Spellcasting
 + Level 3.9 Conjurations
 - Level 2.0 Summonings
 - Level 2.0 Translocations
 - Level 2.0 Fire Magic
 - Level 2.0 Air Magic
 - Level 4.0 Poison Magic


You had 6 spell levels left.
You knew the following spells:

 Your Spells              Type           Power        Failure   Level  Hunger
a - Magic Dart            Conj           ###.         1%          1    None
b - Blink                 Tloc           N/A          7%          2    None
c - Call Imp              Summ           ##......     7%          2    None
d - Mephitic Cloud        Conj/Pois/Air  ###.....     8%          3    ##.....
e - Conjure Flame         Conj/Fire      ###.....     9%          3    ##.....

Your spell library contained the following spells:

 Spells                   Type           Power        Failure   Level  Hunger
 Slow                     Hex            #.......     16%         2    None


Dungeon Overview and Level Annotations

Branches:
Dungeon (6/15)             Temple (1/1) D:6

Altars:
Ashenzari
Cheibriados
Dithmenos
Fedhas
Gozag
Hepliaklqana
Kikubaaqudgha
Makhleb
Nemelex Xobeh
Okawaru
Ru
Sif Muna
Trog
Uskayaw
Vehumet
Wu Jian
Xom
Yredelemnul
The Shining One

Shops:
D:4 =


Innate Abilities, Weirdness & Mutations

You cannot wear most types of armour.
You are very stealthy in the water. (Stealth+)
You are amphibious.
You can wear up to eight rings at the same time.
You can use your tentacles to constrict eight enemies at once.
Your skin changes colour to match your surroundings (Stealth+).
Your rubbery body absorbs attacks. (AC +1, EV +1)


Message History

The electric eel completely resists.
You hit the electric eel.
The electric eel is poisoned.
The electric eel is moderately wounded.
You constrict the electric eel.
The electric eel shoots out a bolt of lightning at you!
The bolt of electricity hits you! x2
* * * LOW HITPOINT WARNING * * *
The bolt of electricity hits the electric eel.
The electric eel completely resists.
Casting: Magic Dart (safe; 1% risk of failure)
Confirm with . or Enter, or press ? or * to list all spells.
Aiming: Magic Dart (safe; 1% risk of failure)
Press: ? - help, Shift-Dir - straight line, f/p - electric eel
Aim: an electric eel (moderately wounded, constricted by you, poisoned)
The magic dart hits the electric eel.
The electric eel is heavily wounded.
You constrict the electric eel.
The electric eel shoots out a bolt of lightning at you!
The bolt of electricity misses you. The bolt of electricity hits you!
You die...

............≈≈≈≈≈≈≈.?.≈≈≈≈≈≈≈
........##...≈#≈≈≈≈.<%≈≈≈≈≈w.
......).....≈≈≈≈#≈≈.8.≈≈≈≈≈≈≈
..#.#.......≈≈≈≈≈≈≈≈.#≈≈≈≈≈≈≈
..._.......[#≈≈#≈≈≈≈.≈≈≈≈≈≈##
..#.#.......#.≈≈≈≈.≈!?#≈≈≈wh#
.............##≈≈≈#...≈≈≈≈w#.
............####;≈≈≈≈≈≈≈≈≈##
..............>#@≈##≈≈≈≈.##
...........#....##≈≈.≈≈#..#
..#.##+#...##....###.....##
..## .......#...+ .#. .
.........#...# .
.........#...# .
.........+...+ .
.........#...# ########.÷.#


You could see an electric eel.

Vanquished Creatures
  Menkaure (D:6)
  Edmund (D:6)
  Duvessa (D:4)
  An ogre (D:5)
  A centaur (D:5)
  A scorpion (D:6)
  Dowan (D:4)
  2 wights (D:6)
  An electric eel (D:6)
  An orc wizard (D:6)
  Crazy Yiuf (D:4)
  A gnoll shaman (D:5)
  2 hounds
  An iguana (D:5)
  A worker ant (D:4)
  3 gnolls (D:5)
  A howler monkey skeleton (D:5)
  3 river rats (Sewer)
  5 adders
  A shadow imp (D:5)
  An ooze (Sewer)
  2 adder skeletons
  An adder zombie (D:5)
  A worm (D:5)
  6 dart slugs
  3 leopard geckos
  10 orcs
  9 ball pythons
  3 giant cockroaches
  9 goblins
  7 hobgoblins
  9 jackals
  24 kobolds
  5 quokkas
  9 bats
  6 frilled lizards
  A leopard gecko skeleton (D:4)
  A quokka skeleton (D:4)
  30 rats
167 creatures vanquished.

Vanquished Creatures (collateral kills)
  A sky beast (D:5)
  A phantom (D:5)
  A wight (D:6)
  A hound (D:5)
  An orc priest (D:3)
  3 orc wizards (D:5)
  6 adders
  2 worms
  2 dart slugs (D:6)
  2 orcs (D:3)
  A ball python (D:3)
  2 hobgoblins (D:2)
  A jackal (D:5)
  A frilled lizard (D:2)
  2 rats
27 creatures vanquished.

Vanquished Creatures (others)
  A dart slug (D:6)
1 creature vanquished.

Grand Total: 195 creatures vanquished

Notes
Turn   | Place    | Note
-------+----------+-------------------------------------------
     0 | D:1      | RedPan the Octopode Wizard began the quest for the Orb.
     0 | D:1      | Reached XP level 1. HP: 11/11 MP: 4/4
   548 | D:1      | Reached XP level 2. HP: 13/17 MP: 0/6
   606 | D:1      | Learned a level 2 spell: Blink
   609 | D:1      | Learned a level 2 spell: Call Imp
  1011 | D:1      | Reached XP level 3. HP: 21/21 MP: 4/7
  1016 | D:1      | Learned a level 3 spell: Mephitic Cloud
  1635 | D:2      | Reached XP level 4. HP: 27/27 MP: 1/9
  1827 | D:2      | Found a faded altar of an unknown god.
  1934 | D:2      | Found a bloodstained altar of Trog.
  1940 | D:2      | Found a glowing golden altar of the Shining One.
  1982 | D:2      | Found a shattered altar of Ashenzari.
  2372 | D:3      | Found a shattered altar of Ashenzari.
  2635 | D:3      | Found a glowing drain.
  2644 | Sewer    | Entered a sewer
  2723 | Sewer    | Reached XP level 5. HP: 16/31 MP: 3/10
  4296 | D:3      | Reached skill level 1 in Poison Magic
  4678 | D:3      | Reached XP level 6. HP: 36/36 MP: 7/11
  5018 | D:4      | Found a runed door.
  5064 | D:4      | Noticed Dowan
  5068 | D:4      | Noticed Duvessa
  5074 | D:4      | Killed Dowan
  5091 | D:4      | Killed Duvessa
  5091 | D:4      | Reached skill level 5 in Stealth
  5091 | D:4      | Reached skill level 1 in Air Magic
  5497 | D:4      | Found Zecin's Jewellery Boutique.
  5505 | D:4      | Bought an uncursed ring of see invisible for 180 gold pieces
  5660 | D:4      | Reached XP level 7. HP: 37/42 MP: 11/13
  5963 | D:4      | Noticed Crazy Yiuf
  5969 | D:4      | Killed Crazy Yiuf
  6191 | D:5      | Entered Level 5 of the Dungeon
  6431 | D:5      | Reached skill level 1 in Fighting
  6650 | D:5      | Learned a level 3 spell: Conjure Flame
  7021 | D:5      | Reached skill level 1 in Fire Magic
  7627 | D:5      | Reached XP level 8. HP: 46/51 MP: 12/15
  7836 | D:6      | Noticed Edmund
  8126 | D:6      | Noticed Menkaure
  8141 | D:6      | Killed Menkaure
  8141 | D:6      | Reached skill level 5 in Spellcasting
  8720 | D:6      | Killed Edmund
  8778 | D:6      | Found a staircase to the Ecumenical Temple.
  8797 | Temple   | Entered the Ecumenical Temple
  8846 | Temple   | Became a worshipper of Vehumet
  8864 | D:6      | Found a hazy altar of Hepliaklqana.
  9369 | D:6      | Killed from afar by an electric eel

Vault maps used:
D:1:      saegor_arrival_simple_a
D:2:      grunt_temple_overflow_open, chequers_ecumenical_altar_simple
D:3:      cheibrodos_sewer_entry_drain, evilmike_ruin_ashenzari
D:4:      serial_shops, shop, uniq_crazy_yiuf_cottage, uniq_duvessa
D:5:      first_ration
D:6:      kennysheep_slugbush, lemuel_crystal_altar,
          minmay_temple_entry_statues_pillars, basic_altar, uniq_edmund,
          uniq_menkaure
Temple:   eino_wide_crystal_templ
Sewer:    sewer_minmay_treatment

Skill      XL: |  1  2  3  4  5  6  7  8 |
---------------+-------------------------+-----
Stealth        | 3 4 5 |  5.1
Conjurations   | 2 3 |  3.9
Summonings     | 2 |  2.0
Poison Magic   | 1 3 4 |  4.0
Translocations | 2 |  2.0
Spellcasting   | 4 5 |  5.4
Air Magic      | 1 2 |  2.0
Fighting       | 2 3 |  3.7
Fire Magic     | 1 2 |  2.0
Dodging        | 4 |  4.0

Action                   |  1- 3 |  4- 6 |  7- 9 || total
-------------------------+-------+-------+-------++-------
Melee: Dagger            |    16 |    32 |   125 ||   173
       Unarmed           |     4 |       |       ||     4
       Constrict         |     9 |    14 |    28 ||    51
       Tentacles         |     3 |    10 |    24 ||    37
       Short sword       |    12 |    19 |       ||    31
 Cast: Magic Dart        |    51 |   162 |   107 ||   320
       Call Imp          |     4 |     9 |    39 ||    52
       Mephitic Cloud    |       |     2 |     6 ||     8
       Blink             |       |     1 |     1 ||     2
  Use: Scroll            |       |    13 |     1 ||    14
 Stab: Sleeping          |     4 |     4 |     3 ||    11
       Confused          |       |     3 |     4 ||     7
  Eat: Chunk             |     2 |    12 |    13 ||    27
Armor: Skin              |     3 |     4 |    11 ||    18
Dodge: Dodged            |    21 |    52 |    69 ||   142

Table legend:
 A = Spawn XP
 B = Non-spawn XP
 C = Spawn XP percentage of total XP
 D = Spawn monster count
 E = Non-spawn monster count
 F = Spawn count percentage of total count
 G = Total turns spent on level
                    A         B        C        D         E        F      G
               +---------+---------+-------+---------+---------+-------+---------
         Total |       0 |    2099 |   0.0 |       0 |     195 |   0.0 |  9369
               +---------+---------+-------+---------+---------+-------+---------
           D:1 |       0 |      41 |   0.0 |       0 |      26 |   0.0 |  1355
           D:2 |       0 |      89 |   0.0 |       0 |      27 |   0.0 |   957
           D:3 |       0 |      74 |   0.0 |       0 |      25 |   0.0 |  1031
           D:4 |       0 |     369 |   0.0 |       0 |      14 |   0.0 |  1341
           D:5 |       0 |     697 |   0.0 |       0 |      34 |   0.0 |  2195
           D:6 |       0 |     714 |   0.0 |       0 |      21 |   0.0 |   927
         Sewer |       0 |     115 |   0.0 |       0 |      48 |   0.0 |  1507
               +---------+---------+-------+---------+---------+-------+---------
